 Seeded DCSS version 0.30-a0-377-g5cb311bc9f (webtiles) character file.

Game seed: 20221144 (custom seed)

33351 McGhostyFace the Nimble (level 13, -13/98 HPs)
             Began as a Gnoll Wanderer on Nov 30, 2022.
             Was an Elder of Ashenzari.
             Mangled by Rupert
             ... wielding a +4 battleaxe of electrocution
              (37 damage)
             ... on level 4 of the Lair of Beasts.
             The game lasted 01:29:22 (21037 turns).

McGhostyFace the Nimble (Gnoll Wanderer)           Turns: 21037, Time: 01:29:23

Health: -13/98     AC: 11    Str: 10    XL:     13   Next: 70%
Magic:  15/29      EV: 23    Int: 14    God:    Ashenzari [****..]
Gold:   878        SH: 12    Dex: 16    Spells: 17/37 levels left

rFire   + . .      SeeInvis +    M - +6 morningstar (flame)
rCold   + + +      Faith    .    c - +0 buckler of the Ruined Sage {Comp, Bglg} (curse)
rNeg    + . .      Spirit   .    b - +2 leather armour of the Chained Yoke {Bglg, Cun} (curse)
rPois   .          Reflect  +    S - +1 helmet "Ankueh" {Drain rF+ rC+++ rCorr}
rElec   +          Harm     .    (no cloak)
rCorr   +          Rampage  .    p - +0 pair of gloves "Circumscribed With Me" {Comp, Self} (curse)
Will    +....      Clarity  +    w - +0 pair of boots of Apeoromancy {Cun, Self} (curse)
Stlth   +++++.....               x - amulet of the Gnostic Pleiades {Reflect SH+5, Elem, Melee} (curse)
HPRegen 0.36/turn                T - ring "Feechoid" {rElec rN+ Will+}
MPRegen 0.21/turn                k - ring of the Prophetic Seer {EV+4, Comp, Self} (curse)

@: no status effects
A: fangs 1, strong nose, distributed training, frail 1
a: Renounce Religion, Shatter the Chains


You were on level 4 of the Lair of Beasts.
You worshipped Ashenzari.
Ashenzari was greatly pleased with you.
You visited 3 branches of the dungeon, and saw 16 of its levels.
You also visited: Gauntlet.

You collected 878 gold pieces.

Inventory:

Hand Weapons
 M - a +6 morningstar of flaming (weapon)
Missiles
 m - 2 silver boomerangs
 q - 8 silver javelins
 t - a throwing net
 y - 32 poisoned darts (quivered)
 K - 14 boomerangs of dispersal
Armour
 b - the cursed +2 leather armour of the Chained Yoke (worn) {Bglg, Cun}

   It has a curse which improves the following skills: Beguiling: Conjurations,
   Hexes and Translocations.
   Cunning:   Dodging and Stealth.
 c - the cursed +0 buckler of the Ruined Sage (worn) {Comp, Bglg}

   It has a curse which improves the following skills: Companions: Summonings
   and Necromancy.
   Beguiling: Conjurations, Hexes and Translocations.
 p - the cursed +0 pair of gloves "Circumscribed With Me" (worn) {Comp, Self}
   (You found it on level 7 of the Dungeon)

   It has a curse which improves the following skills: Companions: Summonings
   and Necromancy.
   Introspection: Fighting and Spellcasting.
 w - the cursed +0 pair of boots of Apeoromancy (worn) {Cun, Self}
   (You found it on level 3 of the Dungeon)

   It has a curse which improves the following skills: Cunning: Dodging and
   Stealth.
   Introspection: Fighting and Spellcasting.
 R - an orb of mayhem
 S - the +1 helmet "Ankueh" (worn) {Drain rF+ rC+++ rCorr}
   (You found it in a Gauntlet)

   rF:        It protects you from fire.
   rC:        It renders you almost immune to cold.
   rCorr:     It protects you from acid and corrosion.
   Drain:     It drains your maximum health when unequipped.
Jewellery
 j - an amulet of regeneration
 k - the cursed ring of the Prophetic Seer (right hand) {EV+4, Comp, Self}
   (You found it on level 3 of the Lair of Beasts)

   [ring of evasion]

   EV:        It affects your evasion (+4).
   It has a curse which improves the following skills: Companions: Summonings
   and Necromancy.
   Introspection: Fighting and Spellcasting.
 v - a +4 ring of protection
 x - the cursed amulet of the Gnostic Pleiades (around neck) {Reflect SH+5, Elem, Melee}
   (You found it on level 3 of the Dungeon)

   [amulet of reflection]

   It reflects blocked missile attacks.
   SH:        It affects your SH (+5).
   It has a curse which improves the following skills: Elements: Fire Magic, Ice
   Magic, Air Magic and Earth Magic.
   Melee Combat: Short Blades, Long Blades, Axes, Maces & Flails, Polearms,
   Staves and Unarmed Combat.
 G - a ring of magical power
 J - a ring of flight
 N - a ring of ice
 Q - an amulet of the acrobat
 T - the ring "Feechoid" (left hand) {rElec rN+ Will+}
   (You found it in a Gauntlet)

   [ring of positive energy]

   rElec:     It insulates you from electricity.
   rN:        It protects you from negative energy.
   Will:      It increases your willpower.
 V - a ring of poison resistance
 W - a ring of protection from cold
 X - a ring of fire
Wands
 o - a wand of charming (9)
 u - a wand of flame (16)
 A - a wand of roots (7)
 H - a wand of quicksilver (3)
 I - a wand of mindburst (2)
Scrolls
 a - 2 scrolls of fear
 d - 2 scrolls of fog
 e - 2 scrolls of silence
 g - 6 scrolls of amnesia
 h - 5 scrolls of immolation
 i - a scroll of torment
 s - 16 scrolls of identify
 z - 5 scrolls of blinking
 C - a scroll of teleportation
 D - 3 scrolls of vulnerability
 E - 3 scrolls of enchant weapon
 F - a scroll of magic mapping
Potions
 f - 4 potions of attraction
 l - 2 potions of magic
 n - 4 potions of degeneration
 r - a potion of cancellation
 B - 3 potions of brilliance
 L - 2 potions of curing
 P - a potion of might
 U - a potion of resistance
Miscellaneous
 O - a box of beasts


   Skills:
 + Level 8.8(12.7) Fighting
 + Level 8.8(10.8) Short Blades
 + Level 10.0(12.0) Long Blades
 + Level 8.8(10.8) Axes
 + Level 8.8(10.8) Maces & Flails
 + Level 8.8(10.8) Polearms
 + Level 8.8(10.8) Staves
 + Level 8.8 Ranged Weapons
 + Level 8.8 Throwing
 + Level 8.8 Armour
 + Level 12.2(15.1) Dodging
 + Level 9.2(12.2) Stealth
 + Level 11.0 Shields
 + Level 8.8(10.8) Unarmed Combat
 + Level 8.8(12.7) Spellcasting
 + Level 7.3(10.3) Conjurations
 + Level 7.3(10.3) Hexes
 + Level 7.3(11.2) Summonings
 + Level 7.3(11.2) Necromancy
 + Level 7.3(10.3) Translocations
 + Level 7.3 Transmutations
 + Level 7.3(9.4) Fire Magic
 + Level 7.3(9.4) Ice Magic
 + Level 7.3(9.4) Air Magic
 + Level 7.3(9.4) Earth Magic
 + Level 7.3 Poison Magic
 + Level 9.6 Invocations
 + Level 8.8 Evocations


You had 17 spell levels left.
You knew the following spells:

 Your Spells              Type           Power      Damage    Failure   Level
a - Call Imp              Summ           40%        N/A       1%          2
b - Mephitic Cloud        Conj/Pois/Air  34%        N/A       1%          3
c - Dazzling Flash        Conj/Hex       76%        N/A       1%          3
d - Sticky Flame          Conj/Fire      36%        2d6       1%          4
e - Call Canine Familiar  Summ           40%        N/A       1%          3
f - Arcjolt               Conj/Air       18%        1d28      5%          5

Your spell library contained the following spells:

 Spells                   Type           Power      Damage    Failure   Level
 Magic Dart               Conj           100%       1d8       1%          1
 Necrotise                Necr           100%       1d9       1%          1
 Sublimation of Blood     Necr           40%        N/A       1%          2
 Wereblood                Tmut           29%        N/A       1%          2
 Portal Projectile        Hex/Tloc       76%        N/A       1%          3
 Vampiric Draining        Necr           40%        2d8       1%          3
 Leda's Liquefaction      Hex/Erth       18%        N/A       1%          4
 Manifold Assault         Tloc           38%        N/A       1%          4
 Agony                    Necr           40%        N/A       3%          5
 Silence                  Hex/Air        18%        N/A       5%          5
 Dispersal                Tloc           19%        N/A       26%         6
 Summon Hydra             Summ           20%        N/A       69%         7
 Malign Gateway           Summ/Tloc      19%        N/A       75%         7
 Storm Form               Tmut/Air       16%        N/A       97%         7
 Disjunction              Tloc           19%        N/A       100%        8
 Summon Horrible Things   Summ           20%        N/A       100%        8


Dungeon Overview and Level Annotations

Branches:
Dungeon (11/15)            Temple (1/1) D:5            Lair (4/5) D:10
 Shoals (0/4) Lair:3       Spider (0/4) Lair:3        Slime (0/5) Lair:4
    Orc (0/2) D:11        Gauntlet (visited)

Altars:
Ashenzari
Cheibriados
Elyvilon
Fedhas
Gozag
Hepliaklqana
Kikubaaqudgha
Makhleb
Nemelex Xobeh
Qazlal
Sif Muna
Trog
Uskayaw
Vehumet
Wu Jian
Xom
Zin
The Shining One

Shops:
D:2 =   D:6 :

Portals:
Trove: D:10 (give +3 fire dragon scales)

Annotations:
D:11 2 transporters, tio's ghost, novice DsNe
Lair:4 Rupert


Innate Abilities, Weirdness & Mutations

You have very sharp teeth.
Your uncanny sense of smell can sniff out nearby items.
Your experience applies equally to all skills.
You are frail. (-10% HP)


Message History

You puncture Rupert! You burn Rupert.
Rupert is severely wounded.
Your wolf completely misses Rupert.
Rupert hits you with a +4 battleaxe of electrocution.
Rupert hits your wolf with a +4 battleaxe of electrocution!
Lightning courses through your wolf!
Your wolf dies!
Your wolf's corpse disappears in a puff of smoke!
Casting: Sticky Flame (mildly dangerous; 1% risk of failure)
Confirm with . or Enter, or press ? or * to list all spells.
Aiming: Sticky Flame (mildly dangerous; 1% risk of failure)
Press: ? - help, Shift-Dir - straight line, f/p - Rupert
Aim: Rupert, wielding a +4 battleaxe of electrocution and wearing a +0 chain mail (severely wounded, very poisoned)
The sticky flame hits Rupert.
Rupert is severely wounded.
Rupert is covered in liquid flames!
Rupert burns!
Rupert yells loudly at you.
You suddenly lose the ability to move!
Rupert burns!
Rupert screams, "Get ready!
I'll kill you!
Or something like that..."
Rupert hits you with a +4 battleaxe of electrocution!
Rupert burns!
Rupert roars madly and goes into a rage!
Rupert goes berserk!
Rupert burns!
Rupert stops burning.
Rupert hits you with a +4 battleaxe of electrocution!
Rupert barely misses you.
Rupert hits you with a +4 battleaxe of electrocution!!
* * * LOW HITPOINT WARNING * * *
You can move again.
Casting: Sticky Flame (mildly dangerous; 1% risk of failure)
Confirm with . or Enter, or press ? or * to list all spells.
Aiming: Sticky Flame (mildly dangerous; 1% risk of failure)
Press: ? - help, Shift-Dir - straight line, f/p - Rupert
Aim: Rupert, wielding a +4 battleaxe of electrocution and wearing a +0 chain mail (almost dead, berserk, poisoned)
The sticky flame hits Rupert but does no damage.
Rupert is almost dead.
Rupert is covered in liquid flames!
Rupert burns!
Rupert hits you with a +4 battleaxe of electrocution!!!
You die...

##..........# ##. #.........##
#.. #.#.......# ##.
##.#......## ## ###..#......#*
# ##.#...###.#..* ## #.....##
###### #. #.....### ##
##.....@.# ##. #....<..@#
#########..
*#........#*#*#.....#...)
#...........#.#....#....#
##.....(.....#.........##
#............!.....#.## ***
##........(.........## **,**
*#......(...........#
*,,,*****.......(...........#*


You could see Rupert (berserk, burning, poisoned).

Vanquished Creatures
  A minotaur (Gauntlet)
  Josephine (Lair:4)
  2 boulder beetles
  3 two-headed ogres
  A fire crab (Gauntlet)
  A cyclops (D:11)
  2 manticores
  7 elephants
  A black mamba (Lair:3)
  Maurice (D:8)
  5 cane toads
  2 rime drakes
  7 komodo dragons
  A guardian mummy (D:10)
  2 polar bears
  A wind drake (Lair:3)
  A troll (D:11)
  A queen bee (Gauntlet)
  6 blink frogs
  3 wyverns
  A jumping spider (Lair:3)
  4 flying skulls (Gauntlet)
  5 wraiths
  A fire bat (Gauntlet)
  26 yaks
  3 chaos spawn (Gauntlet)
  A basilisk (Lair:2)
  A neqoxec (Gauntlet)
  A redback (Lair:3)
  Edmund (D:6)
  10 water moccasins
  2 orc warriors (D:11)
  A sky beast (D:7)
  A black bear (D:8)
  9 ice beasts
  12 wolves
  6 ogres
  2 centaurs
  A phantom (D:7)
  6 kobold brigands
  14 bullfrogs
  3 gnoll sergeants
  A scorpion (D:5)
  11 wights
  26 killer bees
  6 hounds
  A gnoll bouda (D:9)
  4 orc priests
  4 jellies
  5 iguanas
  12 orc wizards
  22 hell rats
  12 gnolls
  5 adders
  15 river rats (Lair:1)
  A shadow imp (D:6)
  3 white imps
  A worm (D:2)
  A dart slug (D:3)
  24 orcs
  5 ball pythons
  6 endoplasms
  4 giant cockroaches
  4 goblins
  4 hobgoblins
  4 jackals (D:1)
  38 kobolds
  5 quokkas
  2 bats
  4 frilled lizards
  11 rats
401 creatures vanquished.

Vanquished Creatures (collateral kills)
  Gastronok (D:9)
  2 blink frogs
  A fire bat (Gauntlet)
  A yak (Lair:1)
  A basilisk (Lair:1)
  2 wyverns (Lair:1)
  2 bullfrogs
  2 kobold brigands (D:11)
  A wight (D:8)
  3 killer bees
  An iguana (D:7)
  A hell rat (Lair:3)
  3 gnolls
  A river rat (Lair:1)
  4 orcs
  A quokka (Lair:1)
  A kobold (D:11)
28 creatures vanquished.

Vanquished Creatures (others)
  A shadow (D:11)
  13 fungi
  35 plants
49 creatures vanquished.

Grand Total: 478 creatures vanquished

Notes
Turn   | Place    | Note
-------+----------+-------------------------------------------
     0 | D:1      | McGhostyFace the Gnoll Wanderer began the quest for the
                  | Orb.
     0 | D:1      | McGhostyFace set off with the following items: a +0
                  | falchion, a +2 leather armour, a +0 buckler, a scroll of
                  | fog.
     0 | D:1      | Reached XP level 1. HP: 13/13 MP: 1/1
   118 | D:1      | Reached XP level 2. HP: 15/19 MP: 2/2
  1020 | D:2      | Reached XP level 3. HP: 25/25 MP: 3/3
  1039 | D:2      | Reached skill level 1 in Invocations
  1087 | D:2      | Found Okkuehoq's Jewellery Emporium.
  1143 | D:2      | Reached skill level 1 in Fighting
  1143 | D:2      | Reached skill level 1 in Short Blades
  1143 | D:2      | Reached skill level 1 in Axes
  1143 | D:2      | Reached skill level 1 in Maces & Flails
  1143 | D:2      | Reached skill level 1 in Polearms
  1143 | D:2      | Reached skill level 1 in Staves
  1143 | D:2      | Reached skill level 1 in Ranged Weapons
  1143 | D:2      | Reached skill level 1 in Throwing
  1143 | D:2      | Reached skill level 1 in Armour
  1143 | D:2      | Reached skill level 1 in Unarmed Combat
  1143 | D:2      | Reached skill level 1 in Spellcasting
  1143 | D:2      | Reached skill level 1 in Evocations
  1315 | D:2      | Reached XP level 4. HP: 27/32 MP: 5/5
  1661 | D:3      | Reached skill level 1 in Conjurations
  1661 | D:3      | Reached skill level 1 in Hexes
  1661 | D:3      | Reached skill level 1 in Summonings
  1661 | D:3      | Reached skill level 1 in Necromancy
  1661 | D:3      | Reached skill level 1 in Translocations
  1661 | D:3      | Reached skill level 1 in Transmutations
  1661 | D:3      | Reached skill level 1 in Fire Magic
  1661 | D:3      | Reached skill level 1 in Ice Magic
  1661 | D:3      | Reached skill level 1 in Air Magic
  1661 | D:3      | Reached skill level 1 in Earth Magic
  1661 | D:3      | Reached skill level 1 in Poison Magic
  1790 | D:3      | Found a glowing silver altar of Zin.
  1853 | D:3      | Found a sparkling altar of Nemelex Xobeh.
  1853 | D:3      | Found a bloodstained altar of Trog.
  1854 | D:3      | Found a hazy altar of Hepliaklqana.
  1980 | D:3      | Reached XP level 5. HP: 30/37 MP: 5/7
  2086 | D:3      | Found a faded altar of an unknown god.
  2413 | D:4      | Reached XP level 6. HP: 44/44 MP: 8/8
  2578 | D:5      | Entered Level 5 of the Dungeon
  2635 | D:5      | Found a staircase to the Ecumenical Temple.
  2654 | Temple   | Entered the Ecumenical Temple
  2842 | Temple   | Became a worshipper of Ashenzari the Shackled
  2901 | D:5      | Reached skill level 5 in Long Blades
  3455 | D:4      | Reached XP level 7. HP: 32/51 MP: 10/10
  3769 | D:5      | Found a radiant altar of Vehumet.
  3795 | D:5      | Found an ancient bone altar of Kikubaaqudgha.
  3807 | D:5      | Reached skill level 9 in Dodging
  3814 | D:5      | Found a shimmering blue altar of Sif Muna.
  4337 | D:5      | You fall into a shaft and drop 1 floor!
  4337 | D:6      | Found Uwnu's Book Boutique.
  4367 | D:6      | Reached XP level 8. HP: 57/58 MP: 12/12
  4878 | D:6      | Learned a level 2 spell: Call Imp
  4895 | D:6      | Learned a level 3 spell: Mephitic Cloud
  5160 | D:6      | Noticed Edmund
  5221 | D:6      | Killed Edmund
  5912 | D:6      | Found a stormy altar of Qazlal.
  6301 | D:7      | Reached XP level 9. HP: 58/65 MP: 14/14
  6497 | D:7      | Reached * piety under Ashenzari
  7100 | D:7      | Reached skill level 5 in Stealth
  7586 | D:7      | Reached skill level 5 in Invocations
  8348 | D:8      | Reached ** piety under Ashenzari
  8364 | D:8      | Noticed Maurice
  8379 | D:8      | Noticed a two-headed ogre
  8397 | D:8      | Killed Maurice
  8621 | D:8      | Killed a two-headed ogre
  8622 | D:8      | Reached skill level 5 in Fighting
  8622 | D:8      | Reached skill level 5 in Short Blades
  8622 | D:8      | Reached skill level 5 in Axes
  8622 | D:8      | Reached skill level 5 in Maces & Flails
  8622 | D:8      | Reached skill level 5 in Polearms
  8622 | D:8      | Reached skill level 5 in Staves
  8622 | D:8      | Reached skill level 5 in Ranged Weapons
  8622 | D:8      | Reached skill level 5 in Throwing
  8622 | D:8      | Reached skill level 5 in Armour
  8622 | D:8      | Reached skill level 10 in Dodging
  8622 | D:8      | Reached skill level 5 in Unarmed Combat
  8622 | D:8      | Reached skill level 5 in Spellcasting
  8622 | D:8      | Reached skill level 5 in Evocations
  8622 | D:8      | Reached XP level 10. HP: 72/74 MP: 11/17
  9003 | D:8      | Learned a level 3 spell: Dazzling Flash
  9031 | D:8      | Identified the Exposition on Calescent Vapour
  9070 | D:8      | Learned a level 4 spell: Sticky Flame
  9179 | D:8      | Found a hide-covered altar of Uskayaw.
 10212 | D:9      | Noticed a two-headed ogre
 10241 | D:9      | Killed a two-headed ogre
 11262 | D:9      | Noticed Gastronok
 11455 | D:9      | Killed Gastronok
 11456 | D:9      | Reached skill level 5 in Conjurations
 11456 | D:9      | Reached skill level 5 in Hexes
 11456 | D:9      | Reached skill level 5 in Summonings
 11456 | D:9      | Reached skill level 5 in Necromancy
 11456 | D:9      | Reached skill level 5 in Translocations
 11456 | D:9      | Reached skill level 5 in Transmutations
 11456 | D:9      | Reached skill level 5 in Fire Magic
 11456 | D:9      | Reached skill level 5 in Ice Magic
 11456 | D:9      | Reached skill level 5 in Air Magic
 11456 | D:9      | Reached skill level 5 in Earth Magic
 11456 | D:9      | Reached skill level 5 in Poison Magic
 11456 | D:9      | Reached XP level 11. HP: 49/81 MP: 20/20
 11558 | D:9      | Learned a level 3 spell: Call Canine Familiar
 12040 | D:9      | Reached *** piety under Ashenzari
 12205 | D:10     | Entered Level 10 of the Dungeon
 12867 | D:10     | Found a staircase to the Lair.
 13180 | D:10     | Found a portal to a secret trove of treasure.
 13483 | D:11     | Noticed a cyclops
 13484 | D:11     | Noticed a manticore
 13488 | D:11     | Killed a cyclops
 13492 | D:11     | Killed a manticore
 13498 | D:11     | Found a staircase to the Orcish Mines.
 13563 | D:11     | Reached skill level 11 in Dodging
 13839 | D:11     | Noticed a skeletal warrior
 13840 | D:11     | Noticed a skeletal warrior
 13840 | D:11     | Noticed a skeletal warrior
 13853 | D:11     | Noticed a skeletal warrior
 13886 | D:11     | Found a transporter.
 13888 | D:11     | Found a transporter.
 13891 | D:11     | Noticed a two-headed ogre
 13928 | D:11     | Killed a two-headed ogre
 13955 | D:11     | Noticed tio's ghost (novice DsNe)
 14054 | D:11     | Noticed a skeletal warrior
 14227 | D:11     | Noticed a skeletal warrior
 14290 | Lair:1   | Entered Level 1 of the Lair of Beasts
 14343 | Lair:1   | Reached XP level 12. HP: 94/94 MP: 23/24
 14857 | Lair:1   | Reached skill level 10 in Shields
 16751 | Lair:3   | Reached XP level 13. HP: 84/103 MP: 24/26
 17342 | Lair:3   | Found an opulent altar of Gozag.
 17565 | Lair:3   | Found a hole to the Spider Nest.
 17624 | Lair:3   | Reached **** piety under Ashenzari
 17669 | Lair:3   | Found a staircase to the Shoals.
 18541 | Lair:4   | Found a gate leading to a gauntlet.
 18551 | Gauntlet | Entered a Gauntlet
 18551 | Gauntlet | Noticed a reaper
 18551 | Gauntlet | Found a transporter.
 18551 | Gauntlet | Found a transporter.
 18551 | Gauntlet | Found a transporter.
 18551 | Gauntlet | Found a transporter.
 18562 | Gauntlet | Found a transporter.
 18566 | Gauntlet | Identified the ring "Feechoid" {rElec rN+ Will+}
 18583 | Gauntlet | Found a transporter.
 18588 | Gauntlet | Found a transporter.
 18598 | Gauntlet | Found a transporter.
 18614 | Gauntlet | Found a transporter.
 18620 | Gauntlet | Found a transporter.
 18633 | Gauntlet | Identified the ring "Zeogin Cahe" {rN+ Str+3 SInv Stlth+}
 18634 | Gauntlet | Found a transporter.
 18652 | Gauntlet | Found a transporter.
 18784 | Gauntlet | Identified the +1 helmet "Ankueh" {Drain rF+ rC+++ rCorr}
 19562 | Gauntlet | Gained mutation: You are frail. (-10% HP) [a neqoxec]
 19566 | Gauntlet | Reached skill level 12 in Dodging
 19632 | Gauntlet | Learned a level 5 spell: Arcjolt
 19769 | Gauntlet | Noticed a minotaur
 19807 | Gauntlet | Killed a minotaur
 20449 | Lair:4   | Found a staircase to the Slime Pits.
 20665 | Lair:4   | Noticed Josephine
 20673 | Lair:4   | Noticed Rupert
 20675 | Lair:4   | Reached skill level 10 in Long Blades
 20687 | Lair:4   | Killed Josephine
 21032 | Lair:4   | Paralysed by Rupert for 5 turns
 21037 | Lair:4   | Mangled by Rupert

Illustrated notes

Levels and vault maps discovered:
D:1:      nzn_arrival_settlement, layout_basic, minmay_misc_feat_ornament,
          roderic_malta_cross
D:2:      layout_rooms, serial_shops, shop
D:3:      layout_rooms, mainiacjoe_overflow_brackets,
          gammafunk_temple_overflow_claw, serial_aquarium,
          aquarium_bridge_square [aquarium_subvault_balcony,
          aquarium_subvault_window, aquarium_subvault_window,
          aquarium_subvault_bridge], aquarium_window_double,
          aquarium_window_corridor_1, aquarium_window_1, aquarium_view_2f,
          aquarium_view_4, aquarium_balcony_1b, ebering_ecumenical_altar_hall
D:4:      layout_gridville, corexii_shack, chequers_hall_statues_y
D:5:      kennysheep_kobold_camp, layout_basic, palyth_temple_overflow_mages,
          minmay_temple_entry_statues_fountains, minmay_misc_feat_secret_circle,
          due_unseen_surprise
D:6:      layout_rooms, lemuel_coloured_pillars_altar, serial_shops,
          nicolae_shop_crystal, hex_tiny, uniq_edmund
D:7:      layout_layer_cave, hangedman_decor_clover_reticule,
          chequers_serial_rivers_large_a
D:8:      layout_loops_corners, nicolae_uskayaw_suspiria, uniq_maurice
D:9:      layout_layer_cave, uniq_gastronok
D:10:     layout_loops_ring, hellmonk_lair_entry_icy,
          nicolae_trove_entry_path_of_doom
D:11:     layout_cave_pools, kennysheep_orc_monster_closet_entryway,
          gammafunk_ghost_hive, minmay_unpleasant_kobolds
Temple:   nicolae_temple_figure_eight
Lair:1:   lemuel_ratsnest, layout_gridlike
Lair:2:   layout_misc_corridors
Lair:3:   layout_cellular_growth, minmay_shoals_entry_beasts,
          spider_nest_entry_a, basic_altar
Lair:4:   layout_cave_pods, slime_entry_1, gauntlet_entry_generic,
          lemuel_fruit_tree, uniq_josephine, uniq_rupert

Skill      XL: |  1  2  3  4  5  6  7  8  9 10 11 12 13 |
---------------+----------------------------------------+-----
Invocations    | 1 2 3 4 5 6 7 8 9 |  9.6
Fighting       | 1 2 3 5 6 7 8 |  8.8
Short Blades   | 1 2 3 5 6 7 8 |  8.8
Axes           | 1 2 3 5 6 7 8 |  8.8
Maces & Flails | 1 2 3 5 6 7 8 |  8.8
Polearms       | 1 2 3 5 6 7 8 |  8.8
Staves         | 1 2 3 5 6 7 8 |  8.8
Ranged Weapons | 1 2 3 5 6 7 8 |  8.8
Throwing       | 1 2 3 5 6 7 8 |  8.8
Armour         | 1 2 3 5 6 7 8 |  8.8
Unarmed Combat | 1 2 3 5 6 7 8 |  8.8
Spellcasting   | 1 2 3 5 6 7 8 |  8.8
Evocations     | 1 2 3 5 6 7 8 |  8.8
Conjurations   | 1 2 3 4 5 6 7 |  7.3
Hexes          | 1 2 3 4 5 6 7 |  7.3
Summonings     | 1 2 3 4 5 6 7 |  7.3
Necromancy     | 1 2 3 4 5 6 7 |  7.3
Translocations | 1 2 3 4 5 6 7 |  7.3
Transmutations | 1 2 3 4 5 6 7 |  7.3
Fire Magic     | 1 2 3 4 5 6 7 |  7.3
Ice Magic      | 1 2 3 4 5 6 7 |  7.3
Air Magic      | 1 2 3 4 5 6 7 |  7.3
Earth Magic    | 1 2 3 4 5 6 7 |  7.3
Poison Magic   | 1 2 3 4 5 6 7 |  7.3
Stealth        | 3 4 5 6 7 8 9 |  9.2
Long Blades    | 5 6 7 8 9 10 | 10.0
Shields        | 7 8 9 10 11 | 11.0
Dodging        | 9 10 11 12 | 12.2

Action                   |  1- 3 |  4- 6 |  7- 9 | 10-12 | 13-15 || total
-------------------------+-------+-------+-------+-------+-------++-------
Melee: Falchion          |    91 |    95 |       |       |       ||   186
       Short sword       |     2 |    48 |   536 |   418 |       ||  1004
       Bite              |     6 |    15 |    73 |    91 |    26 ||   211
       Morningstar       |       |       |       |   297 |   201 ||   498
Throw: Boomerang         |       |     9 |    23 |     7 |       ||    39
       Dart              |       |       |    42 |    23 |     3 ||    68
       Throwing net      |       |       |     1 |       |       ||     1
 Cast: Call Imp          |       |       |    24 |    70 |    12 ||   106
       Mephitic Cloud    |       |       |     8 |    15 |    10 ||    33
       Dazzling Flash    |       |       |       |    14 |    15 ||    29
       Sticky Flame      |       |       |       |    39 |    22 ||    61
       Call Canine Famil |       |       |       |    25 |    25 ||    50
       Arcjolt           |       |       |       |       |     7 ||     7
Invok: Curse Item        |       |       |     3 |     2 |     2 ||     7
       Shatter the Chain |       |       |       |       |     1 ||     1
Evoke: Wand              |       |     2 |     3 |     2 |     6 ||    13
  Use: Scroll            |       |     1 |     3 |     2 |     2 ||     8
       Potion            |       |       |     4 |       |     7 ||    11
 Stab: Sleeping          |     4 |     5 |     5 |    14 |       ||    28
       Confused          |       |       |     4 |     4 |     3 ||    11
       Distracted        |       |       |     2 |     8 |     3 ||    13
       Invisible         |       |       |     1 |     7 |     3 ||    11
Armor: Leather armour    |    15 |    40 |    93 |   103 |    48 ||   299
Dodge: Dodged            |    46 |    73 |   272 |   387 |   210 ||   988
Block: Buckler           |    30 |    70 |   259 |   412 |   190 ||   961
       Reflection        |       |       |     8 |     8 |       ||    16

Table legend: (Time is in decaauts)
 A = Elapsed time spent in this place.
 B = Non-inter-level travel time spent in this place.
 C = Inter-level travel time spent in this place.
 D = Time resting spent in this place.
 E = Time spent auto-exploring this place.
 F = Levels seen in this place.
 G = Mean time per level.
                   A        B        C        D        E       F      G
               +--------+--------+--------+--------+--------+-----+--------+
         Total |  20884 |  20433 |    451 |   5347 |   8875 |  17 | 1228.5 |
       Dungeon |  13871 |  13590 |    281 |   3392 |   6281 |  11 | 1261.0 |
        Temple |    228 |    161 |     67 |      0 |    156 |   1 |  228.0 |
          Lair |   5398 |   5295 |    103 |   1564 |   2438 |   4 | 1349.5 |
      Gauntlet |   1386 |   1386 |      0 |    391 |      0 |   1 | 1386.0 |
               +--------+--------+--------+--------+--------+-----+--------+

Top non-repeatable levels by time:
     D:7: 2234 daAuts
     D:9: 2168 daAuts
     D:5: 1883 daAuts
  Lair:3: 1850 daAuts
     D:8: 1729 daAuts
  Lair:1: 1399 daAuts
Gauntlet: 1386 daAuts
  Lair:4: 1184 daAuts
    D:10: 1173 daAuts
     D:6: 1154 daAuts
     D:1: 1004 daAuts
  Lair:2: 964 daAuts
    D:11: 855 daAuts
     D:3: 719 daAuts
     D:4: 509 daAuts
